 Dungeon Crawl Stone Soup version 0.28.0-45-g0d030f2227 (webtiles) character file.

Game seed: 1748123902209188461

170 Kenran the Ruffian (level 5, -2/41 HPs)
             Began as a Palentonga Gladiator on Apr 24, 2022.
             Was a Follower of Makhleb.
             Slain by Natasha (5 damage)
             ... on level 3 of the Dungeon.
             The game lasted 00:04:16 (3142 turns).

Kenran the Ruffian (Palentonga Gladiator)           Turns: 3142, Time: 00:04:17

Health: -2/41      AC:  5    Str: 20    XL:     5   Next: 25%
Magic:  5/5        EV:  8    Int:  8    God:    Makhleb [*.....]
Gold:   58         SH:  6    Dex: 11    Spells: 4/4 levels left

rFire   . . .      SeeInvis +     - Unarmed
rCold   . . .      Faith    .   o - +0 kite shield
rNeg    . . .      Spirit   .   a - +0 leather armour
rPois   .          Reflect  .   b - +0 helmet
rElec   .          Harm     .   (no cloak)
rCorr   .          Rampage  .   (no gloves)
Will    .....                   (no barding)
Stlth   +.........              (no amulet)
HPRegen 0.13/turn               (no ring)
MPRegen 0.09/turn               (no ring)

@: slowed, very slow
A: large, rugged brown scales 3, see invisible, deformed body, roll 1, armoured
tail
a: Rolling Charge, Renounce Religion


You were on level 3 of the Dungeon.
You worshipped Makhleb.
Makhleb was aware of your devotion.
You visited 1 branch of the dungeon, and saw 3 of its levels.

You collected 58 gold pieces.

Inventory:

Missiles
 c - 3 throwing nets (quivered)
Armour
 a - a +0 leather armour (worn)
 b - a +0 helmet (worn)
 o - a +0 kite shield (worn)
Jewellery
 h - a ring of protection from cold
Scrolls
 i - a scroll of teleportation {unknown}
 l - a scroll of torment {unknown}
 m - a scroll of identify {unknown}
 n - a scroll of fear {unknown}
Potions
 d - 2 potions of mutation {unknown}
 e - a potion of berserk rage {unknown}
 f - 2 potions of brilliance {unknown}
 g - 2 potions of curing {unknown}
 j - a potion of haste {unknown}
 k - 2 potions of magic {unknown}


   Skills:
 + Level 2.3 Fighting
 - Level 1.3 Throwing
 + Level 1.3 Armour
 - Level 2.4 Dodging
 * Level 5.3 Unarmed Combat
 + Level 1.0 Invocations


You had 4 spell levels left.
You didn't know any spells.
Your spell library was empty.

Dungeon Overview and Level Annotations

Branches:
Dungeon (3/15)

Altars:
Dithmenos
Makhleb
Qazlal

Annotations:
D:3 Natasha


Innate Abilities, Weirdness & Mutations

You are completely covered in rugged brown scales. (AC +3, +7% HP)
You have supernaturally acute eyesight. (SInv)
Armour fits poorly on your strangely shaped body.
You can roll at nearby foes to attack.
You have a long armoured tail.


Message History

The iron imp hits you. You block Natasha's attack.
You block the crimson imp's attack.
You barely miss Natasha.
Your tail-slap misses Natasha.
Natasha is lightly wounded.
The iron imp hits you.
Natasha stares at you and mumbles some strange words.
You feel yourself slow down. The crimson imp hits you.
You miss Natasha.
Natasha is lightly wounded.
Natasha misses you.
The crimson imp hits you but does no damage.
You block the iron imp's attack. You block Natasha's attack.
The crimson imp barely misses you. The iron imp closely misses you.
You barely miss Natasha.
Natasha is lightly wounded.
Natasha claws you but does no damage. You block the crimson imp's attack.
The iron imp hits you. You block Natasha's attack.
You hit Natasha but do no damage.
Your tail-slap misses Natasha.
Natasha is lightly wounded.
The crimson imp spits at you.
The crimson imp hits you but does no damage.
You block Natasha's attack. The iron imp closely misses you.
The crimson imp hits you but does no damage.
You punch Natasha!
Natasha is severely wounded.
The crimson imp disappears in a puff of smoke!
An endoplasm comes into view.
Natasha casts a spell at you.
You feel as though you will be slow longer.
The iron imp barely misses you.
Natasha casts a spell.
The iron imp hits you.
The endoplasm quivers.
You hit Natasha.
Natasha is almost dead.
Natasha casts a spell at you. The magic dart hits you. The iron imp hits you!
* * * LOW HITPOINT WARNING * * *
Natasha claws you.
You die...

######### ########
#.......# #......#
#.......# # #......#
#.......# ###.#......#
#.......#
.......5...####....)..##
......h................>
.#.#J5@....###.......##
###.###.# ##....### #..
..# #####... #####.# .##
#.# .# #.# .# #.# ###
#..


You could see an iron imp (summoned), Natasha, a crimson imp (summoned) and an
endoplasm.

Vanquished Creatures
  A centaur zombie (D:3)
  An iguana (D:3)
  Natasha (twice) (D:3)
  2 adders (D:2)
  A dart slug (D:2)
  4 endoplasms
  A giant cockroach (D:2)
  3 goblins
  2 hobgoblins
  3 jackals (D:3)
  5 kobolds
  4 quokkas
  8 ball pythons
  3 bats
  3 frilled lizards
  A rat (D:2)
44 creatures vanquished.

Notes
Turn   | Place    | Note
-------+----------+-------------------------------------------
     0 | D:1      | Kenran the Palentonga Gladiator began the quest for the
                  | Orb.
     0 | D:1      | Reached XP level 1. HP: 17/17 MP: 1/1
   569 | D:1      | Reached XP level 2. HP: 22/23 MP: 2/2
   774 | D:1      | Found a faded altar of an unknown god.
  1251 | D:2      | Found a burning altar of Makhleb.
  1272 | D:2      | Became a worshipper of Makhleb the Destroyer
  1485 | D:2      | Reached skill level 1 in Armour
  1740 | D:2      | Reached skill level 4 in Unarmed Combat
  1740 | D:2      | Reached XP level 3. HP: 20/28 MP: 3/3
  2282 | D:3      | Noticed Natasha
  2282 | D:3      | Found a stormy altar of Qazlal.
  2291 | D:3      | Killed Natasha
  2292 | D:3      | Reached XP level 4. HP: 18/35 MP: 4/4
  2504 | D:3      | Reached skill level 5 in Unarmed Combat
  2597 | D:3      | Noticed Natasha
  2623 | D:3      | Killed Natasha
  2647 | D:3      | Reached skill level 1 in Invocations
  2647 | D:3      | Reached XP level 5. HP: 9/40 MP: 5/5
  2896 | D:3      | Reached * piety under Makhleb
  2924 | D:3      | Found a shadowy altar of Dithmenos.
  3126 | D:3      | Noticed Natasha
  3142 | D:3      | Slain by Natasha

Illustrated notes

Levels and vault maps discovered:
D:1:      minmay_arrival_loop, layout_loops_ring,
          hellmonk_ecumenical_altar_inner_sanctum
D:2:      layout_basic, serial_co_window_serial, co_window_paths_a,
          co_window_of_opportunity_a, co_window_paths_a, co_window_paths_b,
          co_window_corner_a, co_window_cross_2, co_window_broadway_c,
          co_window_of_opportunity_c, co_window_of_opportunity_b,
          co_window_paths_c, co_window_broadway_a, co_window_4corner_a,
          co_window_4corner_b, glass_columns_a, glass_columns_a,
          glass_columns_a, basic_altar
D:3:      layout_basic, nicolae_dithmenos_shadow_blocks,
          nicolae_qazlal_scattered_showers, uniq_natasha

Skill      XL: |  1  2  3  4 |
---------------+-------------+-----
Armour         | 1 |  1.3
Unarmed Combat | 4 5 |  5.3
Invocations    | 1 |  1.0
Fighting       | |  2.3
Throwing       | |  1.3
Dodging        | |  2.4

Action                   |  1- 3 |  4- 6 || total
-------------------------+-------+-------++-------
Melee: Unarmed           |    87 |    76 ||   163
       Tailslap          |     8 |     7 ||    15
       Punch             |     1 |     3 ||     4
Armor: Leather armour    |    30 |    36 ||    66
Dodge: Dodged            |    39 |    39 ||    78
Block: Kite shield       |       |    13 ||    13
